 Dungeon Crawl Stone Soup version 0.30.1-4-g462c640d31 (webtiles) character file.

Game seed: 2560061569248375702

203732 safid the Gelid (level 18, 0/149 (158) HPs)
             Began as a Merfolk Ice Elementalist on Sept 11, 2023.
             Was a High Priest of Vehumet.
             Slain by a radroach simulacrum (49 damage)
             ... on level 2 of the Spider Nest.
             The game lasted 01:39:23 (44704 turns).

safid the Gelid (Merfolk Ice Elementalist)         Turns: 44704, Time: 01:39:24

HP:   0/149 (158)   AC: 28    Str: 12      XL:     18   Next: 62%
MP:   28/48         EV: 17    Int: 24      God:    Vehumet [*****.]
Gold: 898           SH: 14    Dex: 18 (20) Spells: 10/34 levels left

rFire   + + +        D - +9 demon trident (elec)
rCold   x . .        H - +3 buckler {rPois}
rNeg    . . .        B - +0 swamp dragon scales of Chimes {rPois Will- Regen+ Str+4 Dex+3}
rPois   +            f - +2 helmet
rElec   .            d - +0 cloak of the Sufficient God {rF+ Dex+2}
rCorr   .            K - +2 pair of gloves {hurl}
SInv    .            j - +0 pair of boots of the Grinning Gods {rF+ MP+9 Int+2}
Will    .....        R - amulet of reflection
Stlth   +            c - ring "Vobun" {Wiz rPois rC- MP+9 Stlth+}
HPRegen 1.24/turn    M - ring of protection from fire
MPRegen 0.31/turn

%: reflection, wizardry (x1)
@: ice-armoured, contaminated, glowing, drained
A: (nimble swimmer 2), mertail, iridescent scales 1
}: 1/15 runes: barnacled
a: Renounce Religion


You were on level 2 of the Spider Nest.
You worshipped Vehumet.
Vehumet was extremely pleased with you.
You visited 6 branches of the dungeon, and saw 29 of its levels.
You also visited: Gauntlet.

You collected 4825 gold pieces.
You spent 3927 gold pieces at shops.

Inventory:

Hand Weapons
 D - a +9 demon trident of electrocution (weapon)
Missiles
 g - 9 curare-tipped darts
 u - 2 throwing nets
Armour
 d - the +0 cloak of the Sufficient God (worn) {rF+ Dex+2}
   (You bought it in a shop on level 2 of the Orcish Mines)

   Dex:       It affects your dexterity (+2).
   rF:        It protects you from fire.
 f - a +2 helmet (worn)
 j - the +0 pair of boots of the Grinning Gods (worn) {rF+ MP+9 Int+2}
   (You acquired it on level 5 of the Dungeon)

   Int:       It affects your intelligence (+2).
   rF:        It protects you from fire.
   MP:        It affects your magic capacity (+9).
 p - a +2 robe of fire resistance
 B - the +0 swamp dragon scales of Chimes (worn) {rPois Will- Regen+ Str+4 Dex+3}
   (You bought it in a shop on level 2 of the Orcish Mines)

   Str:       It affects your strength (+4).
   Dex:       It affects your dexterity (+3).
   rPois:     It protects you from poison.
   Regen:     It increases your rate of health regeneration.
   Will:      It decreases your willpower.
 H - a +3 buckler of poison resistance (worn)
 K - a +2 pair of gloves of hurling (worn)
Jewellery
 c - the ring "Vobun" (left hand) {Wiz rPois rC- MP+9 Stlth+}
   (You found it in a Gauntlet)

   [ring of wizardry]

   It improves your spell success rate.
   rC:        It makes you vulnerable to cold.
   rPois:     It protects you from poison.
   MP:        It affects your magic capacity (+9).
   Stlth:     It makes you more stealthy.
 l - a ring of flight
 s - the ring "Loipsux" {rCorr EV+5 Str+4}
   (You found it in a Gauntlet)

   [ring of evasion]

   EV:        It affects your evasion (+5).
   Str:       It affects your strength (+4).
   rCorr:     It protects you from acid and corrosion.
 y - an amulet of the acrobat
 z - a ring of see invisible
 F - a +4 ring of protection
 M - a ring of protection from fire (right hand)
 R - an amulet of reflection (around neck)
Wands
 o - a wand of charming (24)
 A - a wand of iceblast (13)
 L - a wand of polymorph (4)
 P - a wand of digging (12)
 U - a wand of light (5)
Scrolls
 e - 9 scrolls of fear
 h - 16 scrolls of teleportation
 k - 2 scrolls of enchant weapon
 m - 3 scrolls of magic mapping
 r - 7 scrolls of blinking
 t - 3 scrolls of brand weapon
 I - 6 scrolls of poison
 J - 3 scrolls of amnesia
 O - a scroll of butterflies
 Q - a scroll of enchant armour
 T - 4 scrolls of silence
 W - a scroll of acquirement
Potions
 a - 4 potions of invisibility
 b - 5 potions of lignification
 i - 2 potions of ambrosia
 n - 6 potions of flight
 q - a potion of resistance
 w - 2 potions of haste
 x - 4 potions of brilliance
 C - 13 potions of curing
 E - 2 potions of mutation
 G - 5 potions of berserk rage
 N - 3 potions of cancellation
 S - 2 potions of might
 X - a potion of heal wounds
Miscellaneous
 v - a condenser vane
 V - a box of beasts


   Skills:
 + Level 18.4 Fighting
 * Level 6.0 Polearms
 + Level 6.7 Armour
 + Level 13.0 Dodging
 - Level 2.1 Stealth
 + Level 7.2 Shields
 + Level 8.8 Spellcasting
 - Level 4.0 Conjurations
 + Level 12.9 Transmutations
 + Level 20.4 Ice Magic
 + Level 7.2 Evocations


You had 10 spell levels left.
You knew the following spells:

 Your Spells              Type           Power      Damage    Failure   Level
a - Freeze                Ice            100%       1d10      0%          1
b - Frozen Ramparts       Ice            100%       1d16      0%          3
c - Ozocubu's Armour      Ice            83%        N/A       0%          3
d - Irradiate             Conj/Tmut      25%        3d20      1%          5
e - Ozocubu's Refrigerat  Ice            41%        4d16      1%          7
f - Freezing Cloud        Conj/Ice/Air   24%        6-21      1%          5

Your spell library contained the following spells:

 Spells                   Type           Power      Damage    Failure   Level
 Ignition                 Fire           5%         3d4       100%        8
 Beastly Appendage        Tmut           100%       N/A       1%          1
 Ensorcelled Hibernation  Hex/Ice        100%       N/A       1%          2
 Momentum Strike          Conj/Tloc      40%        3d9       1%          2
 Passwall                 Tmut/Erth      34%        N/A       1%          2
 Wereblood                Tmut           64%        N/A       1%          2
 Spider Form              Tmut/Pois      41%        N/A       1%          3
 Summon Ice Beast         Ice/Summ       56%        N/A       1%          4
 Blade Hands              Tmut           32%        N/A       1%          5
 Dazzling Flash           Conj/Hex       40%        N/A       2%          3
 Metabolic Englaciation   Hex/Ice        28%        N/A       2%          5
 Petrify                  Tmut/Erth      41%        N/A       4%          4
 Apportation              Tloc           20%        N/A       6%          1
 Necrotise                Necr           40%        1d6       6%          1
 Summon Small Mammal      Summ           40%        N/A       6%          1
 Iskenderun's Mystic Bla  Conj/Tloc      20%        2d6       8%          4
 Lesser Beckoning         Tloc           20%        N/A       10%         2
 Sublimation of Blood     Necr           10%        N/A       10%         2
 Simulacrum               Ice/Necr       28%        N/A       16%         6
 Gell's Gravitas          Tloc           10%        N/A       19%         3
 Portal Projectile        Hex/Tloc       20%        N/A       19%         3
 Swiftness                Air            10%        N/A       19%         3
 Teleport Other           Tloc           10%        N/A       19%         3
 Tukima's Dance           Hex            10%        N/A       19%         3
 Vhi's Electric Charge    Tloc/Air       20%        N/A       19%         3
 Arcjolt                  Conj/Air       10%        1d20      21%         5
 Animate Dead             Necr           10%        N/A       52%         4
 Leda's Liquefaction      Hex/Erth       5%         N/A       52%         4
 Agony                    Necr           10%        N/A       85%         5
 Borgnjor's Vile Clutch   Necr/Erth      5%         N/A       85%         5
 Silence                  Hex/Air        5%         N/A       85%         5
 Summon Mana Viper        Hex/Summ       10%        N/A       85%         5
 Plasma Beam              Fire/Air       5%         2x1d17    87%         6
 Death Channel            Necr           5%         N/A       100%        6
 Dispersal                Tloc           5%         N/A       100%        6
 Monstrous Menagerie      Summ           5%         N/A       100%        7
 Summon Hydra             Summ           5%         N/A       100%        7


Dungeon Overview and Level Annotations

Branches:
Dungeon (15/15)            Temple (1/1) D:4            Lair (5/5) D:11
 Shoals (4/4) Lair:2       Spider (2/4) Lair:2        Slime (0/5) Lair:5
    Orc (2/2) D:9             Elf (0/3) Orc:2        Vaults (0/5) D:14
 Depths (0/4) D:15        Gauntlet (visited)

Altars:
Ashenzari
Cheibriados
Dithmenos
Elyvilon
Fedhas
Gozag
Hepliaklqana
Kikubaaqudgha
Makhleb
Nemelex Xobeh
Okawaru
Qazlal
Ru
Sif Muna
Trog
Uskayaw
Vehumet
Wu Jian
Xom
Yredelemnul
Zin
The Shining One
Jiyva

Shops:
D:8 *?   Orc:2 ![*(:   Shoals:3 (

Annotations:
D:3 3 runed translucent doors, mason12's ghost, weakling TeBe
D:6 2 runed translucent doors, Crazy Yiuf; Rem's ghost, novice OpTm
D:7 exclusion: gargoyle
D:12 exclusion: obsidian statue


Innate Abilities, Weirdness & Mutations

((You are very nimble when in or above water. (Stealth+, EV+, Speed+++)))
Your lower body shifts to a powerful aquatic tail in water.
You are partially covered in iridescent scales. (AC +2)


Message History

Unknown command.
Unknown command.
Casting: Ozocubu's Refrigeration (mildly dangerous; 1% risk of failure)
Confirm with . or Enter, or press ? or * to list all spells.
You erupt in a fountain of uncontrolled magic!
The radroach is blasted with magical radiation!!
You kill the radroach!
Vehumet accepts your kill.
You feel your power returning.
The redback simulacrum is blasted with magical radiation!!
The redback simulacrum vaporises!
You are contaminated with residual magic.
A freezing mist starts to gather...
A radroach simulacrum comes into view.
You block the tarantella simulacrum's attack.
The tarantella simulacrum barely misses you.
Unknown command.
You are too injured to fight recklessly!
Unknown command.
Unknown command.
Unknown command.
Unknown command.
Unknown command.
You hit the tarantella simulacrum.
Lightning courses through the tarantella simulacrum!
The tarantella simulacrum is almost destroyed.
You block the tarantella simulacrum's attack.
You impale the tarantella simulacrum!!
The tarantella simulacrum vaporises!
Unknown command.
You puncture the radroach simulacrum!
The radroach simulacrum is moderately damaged.
You block the radroach simulacrum's attack. x2
Unknown command.
You hit the radroach simulacrum.
Lightning courses through the radroach simulacrum!
The radroach simulacrum is severely damaged.
The radroach simulacrum bites you! The radroach simulacrum freezes you!!!
You feel a terrible chill!
You die...

...#...#### ....#..# .
.......#... # .#.
.......#...$. .#...#
.......#...... .#..#
.......##.#..# #...#
.......#....^#. .$.(#..
......##......###○....#
.##..^#......#..@#
.............#.^Z#
..............#.#..#
...............#...#
.............#..#..#
............###...#.#
...........## #......
†.......^### ..####
....^##### ##


You could see a radroach simulacrum.

Vanquished Creatures
  Nikola (Spider:2)
  Jorgrun (Spider:1)
  Polyphemus (Shoals:4)
  3 sphinxes (Shoals:4)
  Frances (Spider:1)
  Kirke (Lair:4)
  A ghost moth (Spider:1)
  An orc warlord (Orc:2)
  A broodmother (Spider:1)
  A stone giant (Shoals:1)
  2 minotaurs
  Azrael (D:12)
  2 spark wasps (Spider:1)
  7 merfolk impalers
  2 merfolk javelineers
  2 entropy weavers (Spider:2)
  6 hydras
  2 merfolk avatars
  2 ogre magi
  4 catoblepae
  4 centaur warriors
  2 alligator snapping turtles
  3 radroaches (Spider:2)
  4 merfolk aquamancers
  13 satyrs (Shoals:4)
  9 two-headed ogres
  5 boulder beetles
  10 death yaks
  A tengu warrior (D:13)
  4 orc high priests (Orc:2)
  2 fire crabs (Lair:4)
  8 skysharks
  4 sun moths (Spider:2)
  A fire crab (shapeshifter) (D:14)
  16 sea snakes
  3 pharaoh ants
  An orb spider (Spider:1)
  A deep troll (D:14)
  7 skeletal warriors
  A wizard (D:14)
  17 harpies
  2 necromancers
  Pikel (D:8)
  4 steelbarb worms (Spider:1)
  A deep elf pyromancer (D:14)
  7 orc knights
  9 fauns
  6 wolf spiders
  6 ugly things
  7 orc sorcerers
  17 cyclopes
  27 manticores
  6 merfolk sirens
  4 elephants (Lair:4)
  9 slime creatures (D:12)
  4 black mambas (Lair:5)
  A centaur zombie (D:15)
  4 water nymphs
  2 torpor snails
  2 gargoyles
  3 naga magi (D:15)
  3 demonic crawlers (Spider:1)
  Joseph (D:8)
  An ice statue (Gauntlet)
  2 rime drakes
  13 cane toads
  Maggie (D:8)
  2 minotaur zombies (Gauntlet)
  11 komodo dragons
  A kobold demonologist (D:13)
  2 efreet
  A komodo dragon (shapeshifter) (D:14)
  20 merfolk
  4 polar bears
  6 trolls
  A wolf spider simulacrum (D:15)
  14 tarantellas
  A hornet (D:8)
  11 wind drakes
  22 blink frogs
  A hornet (shapeshifter) (D:13)
  14 dream sheep
  8 snapping turtles
  17 jumping spiders
  5 culicivoras
  7 shadows
  5 wyverns
  7 water elementals
  54 yaks
  3 wraiths
  3 hogs (Lair:4)
  6 basilisks
  6 fire elementals
  Grum (D:8)
  34 redbacks
  2 vampire mosquitoes (D:11)
  An acid dragon (D:13)
  4 wargs
  11 water moccasins
  8 hell hounds
  40 orc warriors
  2 ice beasts
  A black bear (D:6)
  10 ogres
  16 wolves
  10 centaurs
  A phantom (D:5)
  5 kobold brigands
  10 bullfrogs
  4 lemures (D:8)
  A gnoll sergeant (D:8)
  6 scorpions
  12 wights
  18 killer bees
  2 electric eels (Lair:3)
  8 howler monkeys
  A hound (D:5)
  23 orc priests
  A sleepcap (D:4)
  An iguana (D:5)
  35 orc wizards
  A boggart zombie (D:15)
  A boggart simulacrum (D:14)
  12 gnolls
  3 adders
  4 white imps
  3 worms (D:2)
  3 dart slugs
  94 orcs
  6 ball pythons
  9 endoplasms
  5 giant cockroaches
  6 goblins
  11 hobgoblins
  6 jackals
  36 kobolds
  2 quokkas
  A ball python zombie (D:3)
  8 bats
  3 frilled lizards
  A quokka zombie (D:3)
  5 rats
  A butterfly (D:4)
1022 creatures vanquished.

Vanquished Creatures (others)
  A rime drake (Gauntlet)
  A tengu conjurer (D:14)
  A basilisk (D:12)
  3 redbacks (Spider:2)
  A human (Lair:4)
  A bullfrog (Lair:4)
8 creatures vanquished.

Grand Total: 1030 creatures vanquished

Notes
Turn   | Place    | Note
-------+----------+-------------------------------------------
     0 | D:1      | safid the Merfolk Ice Elementalist began the quest for the
                  | Orb.
     0 | D:1      | Reached XP level 1. HP: 13/13 MP: 3/3
    37 | D:1      | Found a faded altar of an unknown god.
    57 | D:1      | Reached XP level 2. HP: 19/20 MP: 0/5
    79 | D:1      | Reached skill level 1 in Fighting
   433 | D:1      | Reached XP level 3. HP: 26/26 MP: 4/6
  1001 | D:2      | Learned a level 3 spell: Frozen Ramparts
  1005 | D:2      | Learned a level 3 spell: Ozocubu's Armour
  1177 | D:2      | Reached skill level 5 in Ice Magic
  1183 | D:2      | Reached XP level 4. HP: 33/33 MP: 3/8
  2072 | D:3      | Found a basalt altar of Yredelemnul.
  2091 | D:3      | Found a runed translucent gate.
  2092 | D:3      | Found a runed translucent gate.
  2097 | D:3      | Found a runed translucent gate.
  2098 | D:3      | Noticed mason12's ghost (weakling TeBe)
  2169 | D:3      | Reached XP level 5. HP: 24/39 MP: 4/9
  2446 | D:3      | Found a sparkling altar of Nemelex Xobeh.
  2691 | D:3      | Found a snail-covered altar of Cheibriados.
  3167 | D:4      | Found a staircase to the Ecumenical Temple.
  3180 | Temple   | Entered the Ecumenical Temple
  3426 | D:4      | Found a stormy altar of Qazlal.
  3667 | D:4      | You fall into a shaft and drop 2 floors!
  3683 | D:6      | Noticed a kobold brigand
  3729 | D:6      | Reached XP level 6. HP: 42/47 MP: 3/11
  3875 | D:6      | Reached skill level 6 in Ice Magic
  3909 | D:6      | Identified the +5 long sword of Tender Mercy {drain, Fly}
  3909 | D:6      | Noticed an orc warrior
  3931 | D:5      | Entered Level 5 of the Dungeon
  4014 | D:5      | Noticed an ice beast
  4296 | D:4      | Reached XP level 7. HP: 35/54 MP: 4/13
  4657 | D:5      | Identified the +7 spear "Rioxim" {protect, Drain rPois
                  | Int+3 Dex+3}
  4793 | D:5      | Reached skill level 5 in Fighting
  4793 | D:5      | Reached skill level 7 in Ice Magic
  5055 | D:5      | Found a white marble altar of Elyvilon.
  5171 | D:5      | Reached XP level 8. HP: 62/62 MP: 8/15
  5177 | D:5      | Reached skill level 5 in Spellcasting
  5527 | D:5      | Identified 3 scrolls of acquirement
  5558 | D:5      | Acquired the +0 pair of boots of the Grinning Gods {rF+
                  | MP+9 Int+2}
  5571 | D:5      | Acquired 991 gold pieces
  5617 | D:5      | Acquired 1050 gold pieces
  5751 | D:6      | Found a runed translucent door.
  5752 | D:6      | Found a shimmering altar of Xom.
  5752 | D:6      | Noticed Rem's ghost (novice OpTm)
  5793 | D:6      | Noticed a +2 dagger of chaos
  5890 | D:6      | Reached skill level 8 in Ice Magic
  6094 | D:6      | Found a runed translucent door.
  6095 | D:6      | Noticed Crazy Yiuf
  6252 | D:7      | Reached XP level 9. HP: 61/71 MP: 18/18
  6607 | D:7      | Noticed a gargoyle
  6649 | D:7      | Found an ancient bone altar of Kikubaaqudgha.
  6829 | D:7      | Found a burning altar of Makhleb.
  6829 | D:7      | Found a blossoming altar of Fedhas.
  7085 | D:7      | Killed a gargoyle
  7323 | D:8      | Noticed Joseph
  7334 | D:8      | Killed Joseph
  7335 | D:8      | Reached skill level 9 in Ice Magic
  7438 | D:8      | Noticed Maggie
  7451 | D:8      | Killed Maggie
  7516 | D:8      | Noticed Grum
  7520 | D:8      | Noticed Pikel
  7524 | D:8      | Reached skill level 5 in Dodging
  7529 | D:8      | Killed Grum
  7530 | D:8      | Reached XP level 10. HP: 77/81 MP: 21/21
  7530 | D:8      | Killed Pikel
  7595 | D:8      | Found Pana Anurph's Magic Scroll Boutique.
  7598 | D:8      | Bought a scroll of blinking for 75 gold pieces
  7598 | D:8      | Bought a scroll of identify for 20 gold pieces
  7598 | D:8      | Bought a scroll of identify for 20 gold pieces
  7598 | D:8      | Bought a scroll of identify for 20 gold pieces
  7598 | D:8      | Bought a scroll of enchant armour for 75 gold pieces
  7713 | D:8      | Reached skill level 10 in Ice Magic
  7890 | D:8      | Found Mac Nyeps's Assorted Antiques.
  7902 | D:8      | Bought a scroll of teleportation for 90 gold pieces
  7902 | D:8      | Bought a potion of magic for 240 gold pieces
  7902 | D:8      | Bought 2 potions of curing for 180 gold pieces
  8491 | Temple   | Became a worshipper of Vehumet
  8703 | D:9      | Noticed a two-headed ogre
  8713 | D:9      | Killed a two-headed ogre
  8787 | D:9      | Found a glowing golden altar of the Shining One.
  8880 | D:9      | Found a sacrificial altar of Ru.
  9121 | D:9      | Reached skill level 10 in Fighting
  9121 | D:9      | Reached XP level 11. HP: 90/90 MP: 23/23
  9251 | D:9      | Reached skill level 11 in Ice Magic
  9340 | D:9      | Reached * piety under Vehumet
  9340 | D:9      | Offered knowledge of Foxfire by Vehumet.
  9516 | D:9      | Found a staircase to the Orcish Mines.
 10073 | D:10     | Entered Level 10 of the Dungeon
 10073 | D:10     | Found a shadowy altar of Dithmenos.
 10260 | D:10     | Offered knowledge of Kiss of Death by Vehumet.
 10264 | D:10     | Noticed a manticore
 10264 | D:10     | Reached ** piety under Vehumet
 10272 | D:10     | Killed a manticore
 10794 | D:11     | Reached skill level 12 in Ice Magic
 11002 | D:11     | Noticed a two-headed ogre
 11010 | D:11     | Killed a two-headed ogre
 11066 | D:11     | Found a staircase to the Lair.
 11077 | D:11     | Noticed an orc knight
 11090 | D:11     | Offered knowledge of Ignite Poison by Vehumet.
 11096 | D:11     | Killed an orc knight
 11744 | Lair:1   | Entered Level 1 of the Lair of Beasts
 11785 | Lair:1   | Reached skill level 13 in Ice Magic
 11928 | Lair:1   | Reached XP level 12. HP: 102/102 MP: 24/24
 12158 | Lair:1   | Reached *** piety under Vehumet
 12241 | Lair:1   | Reached skill level 14 in Ice Magic
 12519 | Lair:1   | Noticed a death yak
 12529 | Lair:1   | Noticed a skyshark
 12535 | Lair:1   | Killed a death yak
 12540 | Lair:1   | Killed a skyshark
 12569 | Lair:1   | Noticed a five-headed hydra
 12582 | Lair:1   | Killed a five-headed hydra
 12916 | Lair:2   | Found a staircase to the Shoals.
 13060 | Lair:2   | Offered knowledge of Volatile Blastmotes by Vehumet.
 13061 | Lair:2   | Reached skill level 15 in Ice Magic
 13352 | Lair:2   | Found a hole to the Spider Nest.
 14213 | Lair:3   | Reached skill level 16 in Ice Magic
 14488 | Lair:3   | Reached **** piety under Vehumet
 14613 | Lair:3   | Offered knowledge of Stone Arrow by Vehumet.
 14751 | Lair:3   | Reached XP level 13. HP: 104/109 MP: 25/25
 15665 | Lair:4   | Reached skill level 10 in Dodging
 15805 | Lair:4   | Noticed Kirke
 15825 | Lair:4   | Killed Kirke
 16411 | Lair:4   | Reached skill level 17 in Ice Magic
 16922 | Lair:4   | Reached ***** piety under Vehumet
 17410 | Lair:5   | Entered Level 5 of the Lair of Beasts
 17572 | Lair:5   | Offered knowledge of Fireball by Vehumet.
 17796 | Lair:5   | Reached XP level 14. HP: 96/120 MP: 26/26
 18198 | Lair:5   | Reached skill level 18 in Ice Magic
 18454 | Lair:5   | Found a viscous altar of Jiyva.
 18454 | Lair:5   | Found a staircase to the Slime Pits.
 18975 | Lair:5   | Reached skill level 15 in Fighting
 20520 | Orc:1    | Entered Level 1 of the Orcish Mines
 20631 | Orc:1    | Paralysed by an orc sorcerer for 3 turns
 20638 | Orc:1    | Paralysed by an orc sorcerer for 5 turns
 20852 | Orc:2    | Entered Level 2 of the Orcish Mines
 20852 | Orc:2    | Found a staircase to the Elven Halls.
 20899 | Orc:1    | Offered knowledge of Ozocubu's Refrigeration by Vehumet.
 20913 | Orc:1    | Learned a level 7 spell: Ozocubu's Refrigeration
 21628 | Orc:2    | Reached skill level 19 in Ice Magic
 22029 | Orc:2    | Noticed an orc warlord
 22036 | Orc:2    | Killed an orc warlord
 22531 | Orc:2    | Reached XP level 15. HP: 126/131 MP: 13/27
 22846 | Orc:2    | Found Izoij's Distillery.
 23022 | Orc:2    | Bought a potion of heal wounds for 65 gold pieces
 23022 | Orc:2    | Bought a potion of lignification for 39 gold pieces
 23022 | Orc:2    | Bought a potion of haste for 130 gold pieces
 23022 | Orc:2    | Bought a potion of heal wounds for 65 gold pieces
 23079 | Orc:2    | Offered knowledge of Spellforged Servitor by Vehumet.
 23485 | Orc:2    | Found Taucuwn's Antique Armour Boutique.
 23486 | Orc:2    | Found Zusapsy's Antique Weapon Boutique.
 23488 | Orc:2    | Found Urepibo's General Store.
 23488 | Orc:2    | Found Haol Donam's Book Shop.
 23493 | Orc:2    | Bought a crude cloak for 304 gold pieces
 23493 | Orc:2    | Identified the +0 cloak of the Sufficient God {rF+ Dex+2}
                  | (You bought it in a shop on level 2 of the Orcish Mines)
 23516 | Orc:2    | Bought a book of Alchemy for 364 gold pieces
 23522 | Orc:2    | Learned a level 5 spell: Irradiate
 23804 | Orc:1    | Reached skill level 1 in Transmutations
 23807 | Orc:1    | Reached skill level 1 in Conjurations
 23807 | Orc:1    | Reached skill level 1 in Evocations
 24103 | Orc:2    | Bought pitted swamp dragon scales for 1760 gold pieces
 24103 | Orc:2    | Identified the +0 swamp dragon scales of Chimes {rPois
                  | Will- Regen+ Str+4 Dex+3} (You bought it in a shop on level
                  | 2 of the Orcish Mines)
 24248 | D:12     | Found a gate leading to a gauntlet.
 24274 | Gauntlet | Entered a Gauntlet
 24274 | Gauntlet | Found a transporter.
 24274 | Gauntlet | Found a transporter.
 24325 | Gauntlet | Found a transporter.
 24343 | Gauntlet | Found a transporter.
 24343 | Gauntlet | Found a transporter.
 24345 | Gauntlet | Found a transporter.
 24345 | Gauntlet | Found a transporter.
 24346 | Gauntlet | Found a transporter.
 24350 | Gauntlet | Found a runed translucent door.
 24350 | Gauntlet | Found a runed translucent door.
 24357 | Gauntlet | Found a transporter.
 24374 | Gauntlet | Found a transporter.
 24384 | Gauntlet | Found a transporter.
 24398 | Gauntlet | Found a transporter.
 24418 | Gauntlet | Found a transporter.
 24419 | Gauntlet | Found a runed translucent door.
 24433 | Gauntlet | Found a transporter.
 24757 | Gauntlet | HP: 5/131 [ice statue/shard of ice (31)]
 24763 | Gauntlet | Gained mutation: You are dopey. (Int -2) [mutagenic glow]
 24794 | Gauntlet | Gained mutation: You occasionally shout uncontrollably at
                  | your foes. [mutagenic glow]
 24862 | Gauntlet | Identified the ring "Vobun" {Wiz rPois rC- MP+9 Stlth+}
 24913 | Gauntlet | Reached skill level 1 in Armour
 24929 | Gauntlet | Identified the ring "Loipsux" {rCorr EV+5 Str+4}
 25176 | Gauntlet | Reached skill level 20 in Ice Magic
 25474 | D:12     | Lost mutation: You occasionally shout uncontrollably at
                  | your foes. [potion of mutation]
 25474 | D:12     | Lost mutation: You are dopey. (Int -2) [potion of mutation]
 25474 | D:12     | Gained mutation: Your spells are a little easier to cast,
                  | but a little less powerful. [potion of mutation]
 25474 | D:12     | Gained mutation: You do not regenerate when monsters are
                  | visible. [potion of mutation]
 25474 | D:12     | Gained mutation: You are robust. (+10% HP) [potion of
                  | mutation]
 25474 | D:12     | Gained mutation: You have a pair of small antennae on your
                  | head. [potion of mutation]
 25475 | D:12     | Lost mutation: Your spells are a little easier to cast, but
                  | a little less powerful. [potion of mutation]
 25475 | D:12     | Lost mutation: You do not regenerate when monsters are
                  | visible. [potion of mutation]
 25475 | D:12     | Lost mutation: You are robust. (+10% HP) [potion of
                  | mutation]
 25475 | D:12     | Gained mutation: You occasionally shout uncontrollably at
                  | your foes. [potion of mutation]
 25475 | D:12     | Gained mutation: You are agile. (Dex +4, Str/Int -1)
                  | [potion of mutation]
 25660 | D:8      | Bought 2 potions of mutation for 480 gold pieces
 26296 | D:12     | Noticed Azrael
 26307 | D:12     | Killed Azrael
 27728 | D:13     | Offered knowledge of Iskenderun's Battlesphere by Vehumet.
 27767 | D:13     | Reached skill level 5 in Transmutations
 28375 | D:14     | Paralysed by something for 5 turns
 28398 | D:14     | Reached XP level 16. HP: 63/139 MP: 11/28
 28570 | D:14     | Lost mutation: You are agile. (Dex +4, Str/Int -1) [potion
                  | of mutation]
 28570 | D:14     | Lost mutation: You occasionally shout uncontrollably at
                  | your foes. [potion of mutation]
 28570 | D:14     | Lost mutation: You have a pair of small antennae on your
                  | head. [potion of mutation]
 28570 | D:14     | Gained mutation: Armour fits poorly on your strangely
                  | shaped body. [potion of mutation]
 28570 | D:14     | Gained mutation: Your spells are a little harder to cast,
                  | but a little more powerful. [potion of mutation]
 28866 | D:14     | Found a gate to the Vaults.
 28932 | D:14     | Reached skill level 1 in Shields
 29281 | D:15     | Entered Level 15 of the Dungeon
 29614 | D:15     | Found a staircase to the Depths.
 29752 | D:15     | HP: 3/124 [skeletal warrior/+0 flail (19)]
 29762 | D:15     | Gained mutation: You occasionally lose the ability to read
                  | scrolls when taking damage. [mutagenic glow]
 29846 | D:15     | Lost mutation: You occasionally lose the ability to read
                  | scrolls when taking damage. [potion of mutation]
 29846 | D:15     | Lost mutation: Armour fits poorly on your strangely shaped
                  | body. [potion of mutation]
 29846 | D:15     | Gained mutation: You have a pair of small horns on your
                  | head. [potion of mutation]
 29846 | D:15     | Lost mutation: You have a pair of small horns on your head.
                  | [potion of mutation]
 29846 | D:15     | Gained mutation: You occasionally lose the ability to drink
                  | potions when taking damage. [potion of mutation]
 29847 | D:15     | Lost mutation: Your spells are a little harder to cast, but
                  | a little more powerful. [potion of mutation]
 29847 | D:15     | Lost mutation: You occasionally lose the ability to drink
                  | potions when taking damage. [potion of mutation]
 29847 | D:15     | Gained mutation: You are partially covered in iridescent
                  | scales. (AC +2) [potion of mutation]
 30000 | D:15     | Offered knowledge of Orb of Destruction by Vehumet.
 30535 | Shoals:1 | Entered Level 1 of the Shoals
 30894 | Shoals:1 | Reached skill level 5 in Armour
 30897 | Shoals:1 | Reached skill level 5 in Evocations
 32587 | Shoals:1 | Reached skill level 5 in Shields
 33915 | Shoals:2 | Reached XP level 17. HP: 147/147 MP: 23/29
 34189 | Shoals:2 | Offered knowledge of Freezing Cloud by Vehumet.
 34309 | Shoals:2 | Learned a level 5 spell: Freezing Cloud
 35470 | Shoals:2 | Identified the +7 falchion of Gyrauqen {freeze, Int+3 Dex+3
                  | Stlth+}
 38325 | Shoals:3 | Found Palax's Weapon Shoppe.
 38900 | Shoals:4 | Entered Level 4 of the Shoals
 39035 | Shoals:4 | Reached skill level 10 in Transmutations
 39858 | Shoals:4 | Noticed a sphinx
 40041 | Shoals:4 | Killed a sphinx
 40257 | Shoals:4 | Noticed Polyphemus
 40274 | Shoals:4 | Killed Polyphemus
 41124 | Shoals:4 | Reached skill level 1 in Polearms
 41274 | Shoals:4 | Noticed a sphinx
 41280 | Shoals:4 | Killed a sphinx
 41350 | Shoals:4 | Offered knowledge of Ignition by Vehumet.
 41524 | Shoals:4 | Reached XP level 18. HP: 136/144 MP: 20/30
 41963 | Shoals:4 | Got a barnacled rune of Zot
 42146 | Shoals:4 | Got Qejy's Precepts of Skepticism
 42600 | Spider:1 | Entered Level 1 of the Spider Nest
 43053 | Spider:1 | Noticed Frances
 43066 | Spider:1 | Killed Frances
 43097 | Spider:1 | Identified the +2 ring mail "Turikho" {Fly Will- Str+8
                  | Int-2}
 43222 | Spider:1 | Noticed Jorgrun
 43228 | Spider:1 | Killed Jorgrun
 43906 | Spider:1 | Reached skill level 5 in Polearms
 44171 | Spider:2 | Noticed Nikola
 44182 | Spider:2 | Killed Nikola
 44704 | Spider:2 | Slain by a radroach simulacrum

Illustrated notes

Levels and vault maps discovered:
D:1:      dpeg_arrival_another_circle, layout_rooms, basic_ecumenical_altar,
          minmay_tetromino_l4
D:2:      layout_basic, nicolae_elevator_lobby_plus
D:3:      layout_loops_cross, lemuel_zombie_altar_yredelemnul,
          cheibriados_altar_1, nemelex_xobeh_ov_fountains_minmay,
          gammafunk_ghost_split
D:4:      layout_loops_corners, mainiacjoe_overflow_alcove_2,
          minmay_temple_entry_butterflies, minmay_crystal_room
D:5:      layout_loops_ring, mainiacjoe_overflow_alcove_1, corexii_checkpoint_a,
          kennysheep_generic_room_9
D:6:      layout_cave_pools, ebering_ghost_xom, uniq_crazy_yiuf_cottage
D:7:      layout_loops_ring, kiku_gazebo_pond_becter,
          gammafunk_temple_overflow_elements
D:8:      layout_loops_ring, serial_shops, kennysheep_mini,
          nicolae_lakefront_shop, uniq_pikel, uniq_joseph, uniq_maggie,
          uniq_grum
D:9:      layout_basic, nicolae_ru_great_annihilating_truth,
          mainiacjoe_overflow_concentric_impassable, david_orc_4, minivault_25
D:10:     layout_cross, grunt_dithmenos_smoke, lightli_fourway_metalbox
D:11:     layout_long_grid, erik_lair_orcish_takeover
D:12:     layout_basic, gauntlet_entry_generic, minivault_16, uniq_azrael
D:13:     layout_gridville
D:14:     layout_loops_ring, david_vaults_4, minmay_pinched_square
D:15:     grunt_enter_depths_magical_seal, layout_gridville,
          serial_park_fountain
Temple:   minmay_temple_curvy_loop
Lair:1:   layout_gridlike, hangedman_lair_generics_rect
Lair:2:   layout_roguey, elwin_shoals_entry_rocks,
          nicolae_spider_entry_tight_spaces
Lair:3:   layout_layer_cave, grunt_megastairs_5, lemuel_fruit_fields,
          serial_bayou_shore_a, lemuel_fruit_tree, serial_bayou_shore_b
Lair:4:   nzn_winding_woodlands_stair_cross [nzn_winding_woodlands_5x15_cabin,
          nzn_winding_woodlands_center_triple_pond,
          nzn_winding_woodlands_5x15_crooked, nzn_winding_woodlands_5x5_default,
          nzn_winding_woodlands_5x5_checkerboard,
          nzn_winding_woodlands_5x15_pockets,
          nzn_winding_woodlands_center_pierced_h,
          nzn_winding_woodlands_5x15_garden], layout_concentric_octagons,
          uniq_kirke
Lair:5:   evilmike_catoblepas_cave, layout_regular_city, dpeg_slime_entry_corner
Shoals:1: cheibrodos_shoals_epimethial_gifts, layout_shoals, st_shoals_ruin
Shoals:2: layout_shoals, nicolae_shoals_hunting_party
Shoals:3: layout_shoals, serial_shops, shop
Shoals:4: shoals_end_hellmonk_lost_city, uniq_polyphemus
Spider:1: layout_spider_delve, drop_trap, uniq_jorgrun, uniq_frances
Spider:2: layout_spider_delve, nicolae_spider_solar_radiation, uniq_nikola
Orc:1:    layout_diamond_mine
Orc:2:    st_orc_congregation, layout_caves, serial_shops, shop

Skill      XL: |  1  2  3  4  5  6  7  8  9 10 11 12 13 14 15 16 17 18 |
---------------+-------------------------------------------------------+-----
Fighting       | 1 2 3 4 5 6 8 10 12 14 16 17 18 | 18.4
Ice Magic      | 5 6 7 8 9 10 13 16 17 19 20 | 20.4
Spellcasting   | 3 4 6 7 8 |  8.8
Dodging        | 5 8 9 12 13 | 13.0
Transmutations | 5 8 12 | 12.9
Conjurations   | 3 4 |  4.0
Evocations     | 4 6 7 |  7.2
Armour         | 4 6 |  6.7
Shields        | 6 7 |  7.2
Polearms       | 2 6 |  6.0
Stealth        | |  2.1

Action                     |  1- 3 |  4- 6 |  7- 9 | 10-12 | 13-15 | 16-18 || total
---------------------------+-------+-------+-------+-------+-------+-------++-------
  Melee: Unarmed           |    48 |       |       |       |       |       ||    48
         Dagger            |    62 |   137 |     8 |       |       |       ||   207
         Punch             |     1 |     2 |     1 |    12 |    26 |       ||    42
         Spear             |       |       |   160 |   593 |  1062 |   373 ||  2188
         Tailslap          |       |       |       |     9 |       |    15 ||    24
         Demon trident     |       |       |       |       |       |   149 ||   149
   Cast: Freeze            |    43 |    52 |       |    10 |     4 |     8 ||   117
         Frozen Ramparts   |       |    14 |    28 |    74 |   109 |    47 ||   272
         Ozocubu's Armour  |       |     4 |    21 |    63 |    67 |    33 ||   188
         Ozocubu's Refrige |       |       |       |       |    98 |   277 ||   375
         Irradiate         |       |       |       |       |    12 |    12 ||    24
    Use: Potion            |     1 |       |       |       |    12 |     6 ||    19
         Scroll            |       |       |    10 |    11 |    11 |     6 ||    38
   Stab: Sleeping          |     2 |     6 |     4 |     1 |       |     3 ||    16
         Distracted        |       |       |     1 |     1 |       |       ||     2
         Paralysed         |       |       |       |     1 |       |       ||     1
 Armour: Robe              |    35 |    61 |    53 |       |    28 |       ||   177
         Animal skin       |       |       |       |   281 |   477 |       ||   758
         Swamp dragon scal |       |       |       |       |   203 |   214 ||   417
  Dodge: Dodged            |    98 |   110 |    79 |   596 |  1174 |   355 ||  2412
  Block: Buckler           |       |       |       |       |       |   457 ||   457
         Reflection        |       |       |       |       |       |    44 ||    44
